 Dungeon Crawl Stone Soup version 0.26.1-11-gd32895ea62 (webtiles) character file.

Game seed: 6535060594928253513

1975 leafyfresh the Thaumaturge (level 9, 0/65 HPs)
             Began as a Gnoll Hedge Wizard on June 18, 2021.
             Was a Believer of Cheibriados.
             Slain by an unseen horror (6 damage)
             ... on level 6 of the Dungeon.
             The game lasted 00:28:47 (13761 turns).

leafyfresh the Thaumaturge (Gnoll Hedge Wizard)    Turns: 13761, Time: 00:28:48

Health: 0/65       AC:  9    Str: 17    XL:     9   Next: 20%
Magic:  17/21      EV: 17    Int: 25    God:    Cheibriados [**....]
Gold:   397        SH:  0    Dex: 20    Spells: 11/24 levels left

rFire    . . .     SeeInvis .   J - +1 hand axe (freeze)
rCold    + . .     Faith    .   (no shield)
rNeg     . . .     Spirit   .   b - +0 robe
rPois    +         Reflect  .   k - +0 helmet
rElec    .         Harm     .   I - +0 cloak
rCorr    .         Rampage  .   n - +2 pair of gloves
Will     .....                  l - +0 pair of boots
Stlth    +++.......             (no amulet)
HPRegen  0.20/turn              i - ring of protection from cold
MPRegen  0.17/turn              q - ring of poison resistance

@: very slow
A: distributed training, fangs 1, strong nose
a: Renounce Religion, Bend Time


You were on level 6 of the Dungeon.
You worshipped Cheibriados.
Cheibriados was pleased with you.
You visited 2 branches of the dungeon, and saw 7 of its levels.

You collected 397 gold pieces.

Inventory:

Hand Weapons
 a - a +0 dagger
 z - a +0 hunting sling
 D - a +0 whip
 J - a +1 hand axe of freezing (weapon)
Missiles
 j - 11 sling bullets
 x - 3 curare-tipped darts
 y - 13 poisoned darts
 E - 78 stones
Armour
 b - a +0 robe (worn)
 c - a +0 hat
 k - a +0 helmet (worn)
 l - a +0 pair of boots (worn)
 n - a +2 pair of gloves (worn)
 t - a +0 buckler
 v - a +1 scale mail of poison resistance
 I - a +0 cloak (worn)
Magical Staves
 g - an uncursed staff of fire
Jewellery
 d - an uncursed amulet of guardian spirit
 i - a ring of protection from cold (left hand)
 q - a ring of poison resistance (right hand)
Scrolls
 e - 3 scrolls of remove curse {unknown}
 f - 2 scrolls of enchant weapon {unknown}
 h - 2 scrolls of immolation {unknown}
 s - 3 scrolls of blinking
 w - a scroll of fear {unknown}
 A - a scroll of random uselessness {unknown}
 B - 5 scrolls of teleportation {unknown}
 C - 2 scrolls of magic mapping {unknown}
 H - a scroll of noise {unknown}
 K - a scroll of enchant armour {unknown}
Potions
 m - 2 potions of might
 o - a potion of curing
 p - 2 potions of berserk rage
 r - a potion of invisibility
 u - a potion of flight {unknown}
 F - a potion of degeneration {unknown}
 G - a potion of attraction {unknown}


   Skills:
 + Level 4.0 Fighting
 + Level 4.0 Short Blades
 + Level 4.0 Long Blades
 + Level 4.0 Axes
 + Level 4.0 Maces & Flails
 + Level 4.0 Polearms
 + Level 4.0 Staves
 + Level 4.0 Slings
 + Level 4.0 Bows
 + Level 4.0 Crossbows
 + Level 4.0 Throwing
 + Level 4.0 Armour
 + Level 6.1 Dodging
 + Level 5.8 Stealth
 + Level 4.0 Shields
 + Level 4.0 Unarmed Combat
 + Level 8.3 Spellcasting
 + Level 4.0 Conjurations
 + Level 3.3 Hexes
 + Level 4.0 Summonings
 + Level 3.3 Necromancy
 + Level 4.0 Translocations
 + Level 3.3 Transmutations
 + Level 3.3 Fire Magic
 + Level 3.3 Ice Magic
 + Level 3.3 Air Magic
 + Level 3.3 Earth Magic
 + Level 3.3 Poison Magic
 + Level 4.4 Invocations
 + Level 4.0 Evocations


You had 11 spell levels left.
You knew the following spells:

 Your Spells              Type           Power        Failure   Level
a - Magic Dart            Conj           100%         1%          1
b - Mephitic Cloud        Conj/Pois/Air  28%          4%          3
c - Blink                 Tloc           N/A          1%          2
d - Call Imp              Summ           30%          1%          2
e - Conjure Flame         Conj/Fire      28%          4%          3
f - Slow                  Hex            26%          2%          2

Your spell library contained the following spells:

 Spells                   Type           Power        Failure   Level


Dungeon Overview and Level Annotations

Branches:
Dungeon (6/15)             Temple (1/1) D:4

Altars:
Ashenzari
Cheibriados
Dithmenos
Elyvilon
Fedhas
Gozag
Hepliaklqana
Kikubaaqudgha
Makhleb
Nemelex Xobeh
Qazlal
Ru
Sif Muna
Uskayaw
Vehumet
Wu Jian
Xom
Yredelemnul
Zin
The Shining One

Shops:
D:4 }   D:6 ?

Annotations:
D:6 1 runed translucent door, Menkaure; oc3rt's ghost, novice SpHu


Innate Abilities, Weirdness & Mutations

Your experience applies equally to all skills.
You have very sharp teeth.
Your uncanny sense of smell can sniff out nearby items.


Message History

Casting: Blink (safe; 1% risk of failure)
Confirm with . or Enter, or press ? or * to list all spells.
You blink.
You feel better. Something closely misses you.
Unknown command.
Something hits you but does no damage. Something barely misses you. x2
There is an open door here.
Something barely misses you. Something hits you!
* * * LOW HITPOINT WARNING * * *
Something barely misses you.
Something is blocking the doorway!
Something hits you but does no damage.
Unknown command.
Casting: Blink (safe; 1% risk of failure)
Confirm with . or Enter, or press ? or * to list all spells.
You blink.
Something barely misses you.
You close the door.
Something hits you.
* * * LOW HITPOINT WARNING * * *
Something hits you.
You die...

........#
####.8####...........#
........#
##..'..'..#####.......#
#######÷# #..8#..#8..#
#........ #######.#
#.###'####.# ###..###.
#.......# #'#.$???!#'#
##..##⌠## #.#######
#.########.# #..##..!#
#.# #..8#..#8..#
#.##.....
#.##########..+..'..##
#.#⌠..♣..
#........>#####8@####
#.##..!.. #########.#
##'# #..##...#
..........# ##.#
##..##⌠##
###############..#
##..###.
#..............####
##.....
#.###########.....#
###### ##.# #.....#
###.... ...# #.....#
####.#.### ..## #.....#
#....#.#


There were no monsters in sight!

Vanquished Creatures
  A necrophage (D:5)
  An ice beast (D:5)
  2 orc warriors (D:6)
  5 ogres
  A centaur (D:5)
  2 bullfrogs
  3 scorpions
  A howler monkey (D:2)
  2 bullfrog zombies
  2 jellies
  2 hounds
  4 orc priests
  Terence (D:2)
  An iguana (D:6)
  3 orc wizards
  4 worker ants
  2 hound zombies
  Robin (D:1)
  4 gnolls (D:4)
  10 adders
  A white imp (D:5)
  2 oozes
  5 dart slugs
  A worm (D:2)
  10 leopard geckos
  30 orcs
  5 giant cockroaches
  11 hobgoblins
  13 jackals
  9 kobolds
  9 quokkas
  A ball python (D:3)
  5 bats
  3 frilled lizards
  14 goblins
  5 rats
176 creatures vanquished.

Notes
Turn   | Place    | Note
-------+----------+-------------------------------------------
     0 | D:1      | leafyfresh the Gnoll Hedge Wizard began the quest for the
                  | Orb.
     0 | D:1      | Reached XP level 1. HP: 13/13 MP: 8/8
   238 | D:1      | Reached XP level 2. HP: 20/20 MP: 10/10
  1067 | D:1      | Reached XP level 3. HP: 25/25 MP: 11/11
  1071 | D:1      | Learned a level 3 spell: Mephitic Cloud
  1074 | D:1      | Learned a level 2 spell: Blink
  1077 | D:1      | Learned a level 2 spell: Call Imp
  1081 | D:1      | Learned a level 3 spell: Conjure Flame
  1201 | D:2      | Noticed Robin
  1272 | D:2      | Reached skill level 1 in Invocations
  1275 | D:2      | Noticed Terence
  1759 | D:2      | Reached skill level 1 in Fighting
  1759 | D:2      | Reached skill level 1 in Short Blades
  1759 | D:2      | Reached skill level 1 in Long Blades
  1759 | D:2      | Reached skill level 1 in Axes
  1759 | D:2      | Reached skill level 1 in Maces & Flails
  1759 | D:2      | Reached skill level 1 in Polearms
  1759 | D:2      | Reached skill level 1 in Staves
  1759 | D:2      | Reached skill level 1 in Slings
  1759 | D:2      | Reached skill level 1 in Bows
  1759 | D:2      | Reached skill level 1 in Crossbows
  1759 | D:2      | Reached skill level 1 in Throwing
  1759 | D:2      | Reached skill level 1 in Armour
  1759 | D:2      | Reached skill level 1 in Shields
  1759 | D:2      | Reached skill level 1 in Unarmed Combat
  1759 | D:2      | Reached skill level 1 in Evocations
  2258 | D:1      | Reached XP level 4. HP: 11/32 MP: 4/13
  3045 | D:1      | Killed Robin
  3414 | D:2      | Reached skill level 1 in Hexes
  3414 | D:2      | Reached skill level 1 in Necromancy
  3414 | D:2      | Reached skill level 1 in Transmutations
  3414 | D:2      | Reached skill level 1 in Fire Magic
  3414 | D:2      | Reached skill level 1 in Ice Magic
  3414 | D:2      | Reached skill level 1 in Air Magic
  3414 | D:2      | Reached skill level 1 in Earth Magic
  3414 | D:2      | Reached skill level 1 in Poison Magic
  4039 | D:2      | Learned a level 2 spell: Slow
  4072 | D:2      | Reached XP level 5. HP: 17/37 MP: 11/14
  4461 | D:2      | Killed Terence
  4867 | D:3      | Noticed an ogre
  4886 | D:3      | Killed an ogre
  4887 | D:3      | Reached XP level 6. HP: 44/44 MP: 11/16
  5187 | D:3      | Reached skill level 5 in Dodging
  5771 | D:3      | HP: 1/44 [orc priest/divine providence (13)]
  6288 | D:3      | Reached XP level 7. HP: 35/50 MP: 12/18
  7194 | D:4      | Found an ornate altar of the Wu Jian Council.
  7642 | D:4      | Found a staircase to the Ecumenical Temple.
  7726 | D:4      | Found Tenaowem's Gadget Emporium.
  7771 | D:4      | Reached skill level 5 in Stealth
  7817 | Temple   | Entered the Ecumenical Temple
  7891 | Temple   | Became a worshipper of Cheibriados the Contemplative
  8070 | D:4      | Reached XP level 8. HP: 34/57 MP: 5/19
  8521 | D:5      | Entered Level 5 of the Dungeon
 10019 | D:5      | Found a sacrificial altar of Ru.
 10382 | D:5      | Reached * piety under Cheibriados
 10595 | D:5      | Reached skill level 8 in Spellcasting
 11117 | D:6      | Noticed oc3rt's ghost (novice SpHu)
 11718 | D:6      | Noticed Menkaure
 12045 | D:6      | Found Agevixki's Magic Scroll Shop.
 12428 | D:6      | Found a runed translucent door.
 12526 | D:6      | Found an opulent altar of Gozag.
 12527 | D:6      | Found a glowing silver altar of Zin.
 13048 | D:6      | Reached ** piety under Cheibriados
 13062 | D:6      | Reached XP level 9. HP: 53/65 MP: 16/21
 13761 | D:6      | Slain by an unseen horror

Illustrated notes

Levels and vault maps discovered:
D:1:      dpeg_arrival_simpleton_c, layout_loops_ring
D:2:      layout_rooms, uniq_terence, uniq_robin
D:3:      layout_rooms, st_stairs_7, minmay_strange_pillars,
          kennysheep_generic_room_8
D:4:      layout_basic, kennysheep_mini_moat, minmay_temple_entry_butterflies,
          serial_shops, nicolae_shop_crystal
D:5:      layout_gridville, lemuel_doored_altar
D:6:      minmay_chambers_of_sixes, layout_basic,
          grunt_temple_overflow_gold_and_silver,
          grunt_temple_overflow_bloody_war, serial_shops, kennysheep_little_box,
          hellmonk_ghost_happy_afterlife, okawaru_altar_gauntlet_db,
          uniq_crazy_yiuf_cottage, uniq_menkaure
Temple:   eino_temple_rhombus

Skill      XL: |  1  2  3  4  5  6  7  8  9 |
---------------+----------------------------+-----
Conjurations   | 2 3 4 |  4.0
Summonings     | 2 3 4 |  4.0
Translocations | 2 3 4 |  4.0
Invocations    | 1 2 3 4 |  4.4
Fighting       | 1 2 3 4 |  4.0
Short Blades   | 1 2 3 4 |  4.0
Long Blades    | 1 2 3 4 |  4.0
Axes           | 1 2 3 4 |  4.0
Maces & Flails | 1 2 3 4 |  4.0
Polearms       | 1 2 3 4 |  4.0
Staves         | 1 2 3 4 |  4.0
Slings         | 1 2 3 4 |  4.0
Bows           | 1 2 3 4 |  4.0
Crossbows      | 1 2 3 4 |  4.0
Throwing       | 1 2 3 4 |  4.0
Armour         | 1 2 3 4 |  4.0
Shields        | 1 2 3 4 |  4.0
Unarmed Combat | 1 2 3 4 |  4.0
Evocations     | 1 2 3 4 |  4.0
Hexes          | 1 2 3 |  3.3
Necromancy     | 1 2 3 |  3.3
Transmutations | 1 2 3 |  3.3
Fire Magic     | 1 2 3 |  3.3
Ice Magic      | 1 2 3 |  3.3
Air Magic      | 1 2 3 |  3.3
Earth Magic    | 1 2 3 |  3.3
Poison Magic   | 1 2 3 |  3.3
Dodging        | 5 6 |  6.1
Stealth        | 5 |  5.8
Spellcasting   | 8 |  8.3

Action                   |  1- 3 |  4- 6 |  7- 9 || total
-------------------------+-------+-------+-------++-------
Melee: Dagger            |    30 |   251 |    36 ||   317
       Bite              |     2 |    28 |    57 ||    87
       Punch             |       |     2 |     5 ||     7
       Whip              |       |       |   417 ||   417
       Hand axe          |       |       |    10 ||    10
 Fire: Hunting sling     |       |       |    90 ||    90
 Cast: Magic Dart        |    88 |   101 |    84 ||   273
       Blink             |       |     6 |    19 ||    25
       Mephitic Cloud    |       |     9 |    24 ||    33
  Use: Scroll            |       |       |     5 ||     5
       Potion            |       |       |     2 ||     2
 Stab: Sleeping          |     2 |     4 |     3 ||     9
       Confused          |       |     4 |    13 ||    17
       Distracted        |       |       |     1 ||     1
Armor: Robe              |    14 |    72 |   191 ||   277
Dodge: Dodged            |    76 |   281 |   468 ||   825
